 Dungeon Crawl Stone Soup version 0.29.1-12-g30fa7ad0bf (webtiles) character file.

Game seed: 8963431740068801408

15 Radix the Digger (level 2, -2/15 HPs)
             Began as a Gargoyle Earth Elementalist on Dec 20, 2022.
             Frozen to death by an endoplasm (3 damage)
             ... on level 1 of the Dungeon.
             The game lasted 00:02:50 (352 turns).

Radix the Digger (Gargoyle Earth Elementalist)       Turns: 352, Time: 00:02:51

Health: -2/15      AC:  4    Str: 11    XL:     2   Next: 50%
Magic:  0/5        EV: 11    Int: 15    God:
Gold:   18         SH:  0    Dex: 10    Spells: 4/5 levels left

rFire   . . .      SeeInvis .   f - +0 flail
rCold   . . .      Faith    .   (no shield)
rNeg    + . .      Spirit   .   a - +0 robe
rPois   ∞          Reflect  .   (no helmet)
rElec   +          Harm     .   (no cloak)
rCorr   .          Rampage  .   (no gloves)
Will    .....                   (no boots)
Stlth   ++........              c - amulet of magic regeneration
HPRegen 0.05/turn               (no ring)
MPRegen 0.09/turn               (no ring)

@: very slightly contaminated
A: sickness immunity, AC +2, negative energy resistance 1, electricity
resistance, torment resistance 1, petrification resistance
a: no special abilities


You were on level 1 of the Dungeon.
You visited 1 branch of the dungeon, and saw 1 of its levels.

You collected 18 gold pieces.

Inventory:

Hand Weapons
 f - a +0 flail (weapon)
Armour
 a - a +0 robe (worn)
Jewellery
 c - an amulet of magic regeneration (around neck)
Scrolls
 d - a scroll of enchant armour {unknown}
Potions
 b - a potion of magic


   Skills:
 - Level 1.5 Dodging
 - Level 2.1 Stealth
 + Level 2.4 Spellcasting
 - Level 0.7 Transmutations
 + Level 4.1 Earth Magic


You had 4 spell levels left.
You knew the following spells:

 Your Spells              Type           Power      Damage    Failure   Level
a - Sandblast             Erth           28%        2d8       3%          1

Your spell library contained the following spells:

 Spells                   Type           Power      Damage    Failure   Level
 Passwall                 Tmut/Erth      7%         N/A       12%         2
 Stone Arrow              Conj/Erth      16%        3d8       26%         3
 Petrify                  Tmut/Erth      9%         N/A       61%         4


Dungeon Overview and Level Annotations

Branches:
Dungeon (1/15)

Altars:


Innate Abilities, Weirdness & Mutations

You are immune to sickness and miasma.
Your stone body is resilient. (AC +2)
You are immune to poison.
You resist negative energy. (rN+)
You are resistant to electric shocks. (rElec)
You are resistant to unholy torment.
You are immune to petrification.


Message History

Press: ? - help, Q - select action Shift-Dir - straight line, f - rat
Aim: a rat (82% to hit)
The blast of sand hits the rat.
You kill the rat!
The bat hits you but does no damage.
Aiming: Sandblast (safe; 3% risk of failure)
Press: ? - help, Q - select action Shift-Dir - straight line, f - endoplasm
Aim: an endoplasm (98% to hit)
You miscast Sandblast.
You are very lightly contaminated with residual magic.
Nothing appears to happen.
The endoplasm hits you but does no damage.
You start putting on your amulet.
You continue putting on your amulet of magic regeneration.
The endoplasm freezes you.
You are frozen.
Keep equipping yourself? [Y]es or [N]o only, please.
Keep equipping yourself?
* * * LOW HITPOINT WARNING * * *
You continue putting on your amulet of magic regeneration.
The endoplasm barely misses you.
You continue putting on your amulet of magic regeneration.
The endoplasm barely misses you.
You continue putting on your amulet of magic regeneration.
The endoplasm freezes you.
You are frozen.
* * * LOW HITPOINT WARNING * * *
You continue putting on your amulet of magic regeneration.
The endoplasm hits you but does no damage.
You finish putting on your amulet of magic regeneration.
The amulet cannot attune itself to your exhausted body.
c - an amulet of magic regeneration (around neck)
Okay, then.
Okay, then.
As you read the scroll labelled FUIMUE ILISCH, it crumbles to dust.
Wisps of shadow whirl around you...
It was a scroll of summoning.
The endoplasm freezes you.
You are frozen.
You die...

#.# #.# ..> #.#
##.## .S.
###†#########
#..@gK......#
##+#+#J#######.#
......K..†......##
...r....##.......#
........+........+
........##.......#
.........+.......#
.#########.......#..
#.......#..


You could see an endoplasm (ally target), a friendly hobgoblin (summoned), a
friendly ball python (summoned) and 2 friendly kobolds.

Vanquished Creatures
  A ball python (D:1)
  An endoplasm (D:1)
  A giant cockroach (D:1)
  2 hobgoblins (D:1)
  3 jackals (D:1)
  3 bats (D:1)
  3 rats (D:1)
14 creatures vanquished.

Notes
Turn   | Place    | Note
-------+----------+-------------------------------------------
     0 | D:1      | Radix the Gargoyle Earth Elementalist began the quest for
                  | the Orb.
     0 | D:1      | Reached XP level 1. HP: 10/10 MP: 3/3
   265 | D:1      | Reached XP level 2. HP: 15/15 MP: 3/5
   300 | D:1      | Reached skill level 4 in Earth Magic
   352 | D:1      | Frozen to death by an endoplasm

Illustrated notes

Levels and vault maps discovered:
D:1:      dpeg_arrival_rhombi, layout_basic, shapermc_ecumenical_altar_ellora,
          corexii_hall_statues_u, hex_large, minmay_small_reverse_x

Skill      XL: |  1  2 |
---------------+-------+-----
Earth Magic    | 4 |  4.1
Dodging        | |  1.5
Stealth        | |  2.1
Spellcasting   | |  2.4
Transmutations | |  0.7

Action                   || total
-------------------------++-------
Melee: Flail             ||     8
 Cast: Sandblast         ||    16
  Use: Scroll            ||     1
Armor: Robe              ||     9
Dodge: Dodged            ||    15
